Map: 트라이튼 - 래더

Players

Kelazhur

  • Race: Terran Terran
  • Spawn Location: 5:00

Trap - Winner!

  • Race: Protoss Protoss
  • Spawn Location: 11:00

Event: IEM Katowice 2020

VOD

Have the link to the VOD?

Description

Time

  • Played on: Feb. 25, 2020, 12:49 p.m.
  • Length: 8:34

All games in this series

Show
View Real Time Build Order
Export as new Build Order

Kelazhur Terran 

Build Orders: Reaper Expand 

Get SALT Encoding   

  12  0:00  SCV  
  13  0:12  SCV  
  14  0:16  Supply Depot  
  14  0:25  SCV  
  15  0:38  SCV, Barracks  
  16  0:43  Refinery  
  16  0:50  SCV  
  17  1:02  SCV  
  18  1:14  SCV  
  19  1:26  Orbital Command, Reaper  
  20  1:41  Command Center  
  20  1:46  Supply Depot  
  20  1:52  SCV  
  21  1:57  Marine  
  22  2:04  Factory  
  22  2:07  SCV  
  23  2:11  Refinery  
  23  2:19  SCV  
  23  2:20  Barracks Reactor  
  24  2:31  SCV  
  25  2:43  SCV  
  25  2:49  Widow Mine  
  27  2:51  Starport  
  27  2:53  Orbital Command  
  27  2:55  SCV  
  27  2:56  Marine x2  
  30  3:06  Barracks  
  30  3:07  SCV  
  31  3:13  Marine x2  
  31  3:19  SCV  
  32  3:21  SCV  
  35  3:27  Widow Mine  
  35  3:29  Medivac  
  35  3:31  Marine x2, SCV  
  35  3:33  SCV  
  40  3:43  SCV  
  40  3:45  SCV  
  40  3:47  Supply Depot  
  42  3:49  Marine x2  
  43  3:56  SCV, Barracks Tech Lab  
  43  3:57  SCV  
  44  4:06  Factory Tech Lab  
  44  4:07  Marine, Barracks  
  44  4:08  SCV  
  46  4:10  SCV  
  46  4:12  Marine  
  46  4:16  Supply Depot, Stimpack  
  48  4:20  SCV  
  49  4:24  Marine  
  49  4:25  Siege Tank  
  49  4:26  Starport Tech Lab  
  49  4:28  SCV  
  54  4:34  Refinery  
  54  4:37  SCV  
  55  4:38  Marine x2  
  55  4:40  SCV  
  55  4:42  Marine  
  55  4:45  Supply Depot  
  59  4:51  SCV, Engineering Bay  
  60  4:53  SCV  
  60  4:57  Supply Depot, Refinery  
  60  4:58  Marine  
  62  5:00  Starport Reactor  
  62  5:06  SCV, Siege Tank  
  66  5:08  SCV  
  66  5:12  Marine  
  66  5:13  Marine, Supply Depot  
  69  5:15  Marine  
  69  5:21  Combat Shield, Terran Infantry Weapons Level 1  
  70  5:23  SCV x2  
  70  5:25  Marine  
  73  5:29  Marine  
  73  5:31  Marine  
  73  5:34  Marine  
  73  5:35  Supply Depot  
  76  5:37  Medivac  
  76  5:39  Medivac  
  80  5:43  Supply Depot  
  80  5:46  Siege Tank  
  80  5:49  Marine x2  
  85  5:50  Marine  
  86  5:57  Marine, Supply Depot  
  86  5:58  SCV x2  
  89  6:07  Marine  
  89  6:08  Marine x2  
  89  6:09  Medivac x2  
  96  6:15  Marine  
  96  6:16  Supply Depot  
  97  6:20  Siege Tank  
  100  6:25  Marine x2  
  100  6:28  Marine  
  101  6:33  Marine  
  102  6:43  Marine x2  
  102  6:46  Marine, Supply Depot  
  98  6:56  Marine  
  98  6:57  Medivac x2  
  98  7:01  Marine x2  
  98  7:17  Marine  
  98  7:18  Marine  
  98  7:20  Marine  
  98  7:22  Marine  
  98  7:24  SCV x2  
  98  7:26  Siege Tank  
  97  7:35  Marine x2  
  97  7:37  Medivac x2  
  100  7:38  SCV x2  
  99  7:45  Marine  
  99  7:48  Marine  
  80  7:52  Marine  
  80  7:53  Marine  
  71  7:58  Siege Tank  
  71  8:01  SCV x2  
  71  8:03  Marine  
  76  8:10  Marine  
Show
View Real Time Build Order
Export as new Build Order

Trap Protoss - Winner!

Build Orders: 1 Gate Expand, Blink Stalkers, Chargelot Immortal 

Get SALT Encoding   

  12  0:00  Probe  
  13  0:12  Probe  
  14  0:17  Pylon  
  14  0:24  Probe (Chrono Boost)  
  15  0:36  Probe (Chrono Boost)  
  15  0:37  Gateway  
  16  0:44  Probe (Chrono Boost)  
  16  0:46  Assimilator  
  17  0:51  Probe  
  18  1:03  Probe  
  19  1:15  Probe  
  20  1:24  Cybernetics Core  
  20  1:33  Nexus  
  20  1:42  Pylon  
  20  1:43  Probe  
  21  1:50  Assimilator  
  21  1:55  Probe  
  21  1:58  Adept (Chrono Boost)  
  24  2:01  Warp Gate  
  24  2:07  Probe  
  25  2:18  Stalker (Chrono Boost)  
  25  2:19  Probe  
  28  2:31  Probe, Twilight Council  
  29  2:43  Stalker  
  31  2:45  Probe (Chrono Boost)  
  31  2:49  Probe (Chrono Boost)  
  33  2:56  Probe (Chrono Boost)  
  35  3:00  Probe (Chrono Boost)  
  35  3:01  Probe (Chrono Boost)  
  35  3:02  Blink (Chrono Boost)  
  36  3:09  Probe  
  36  3:11  Probe  
  37  3:21  Probe  
  37  3:24  Probe  
  39  3:28  Robotics Facility  
  39  3:31  Gateway  
  39  3:33  Probe  
  40  3:36  Probe  
  39  3:45  Probe  
  39  3:48  Probe  
  41  3:57  Probe  
  41  3:59  Sentry  
  41  4:01  Probe  
  41  4:02  Pylon  
  43  4:07  Pylon  
  43  4:09  Probe  
  44  4:12  Nexus  
  44  4:13  Probe  
  44  4:15  Observer  
  46  4:17  Pylon  
  46  4:18  Assimilator  
  46  4:22  Probe  
  47  4:25  Probe  
  47  4:26  Stalker  
  47  4:27  Stalker  
  52  4:35  Probe  
  52  4:36  Observer  
  52  4:38  Probe  
  55  4:41  Forge  
  55  4:47  Probe  
  55  4:50  Probe  
  55  4:51  Stalker x2  
  61  4:53  Protoss Ground Armor Level 1  
  61  4:54  Pylon  
  61  4:59  Observer  
  62  5:04  Probe x2  
  64  5:11  Gateway x2  
  64  5:22  Charge  
  64  5:25  Probe, Gateway x2  
  64  5:26  Probe x2  
  67  5:32  Immortal (Chrono Boost)  
  71  5:38  Pylon  
  74  5:47  Sentry, Zealot  
  75  5:50  Gateway  
  75  5:51  Gateway  
  75  5:54  Probe x2, Pylon  
  75  5:55  Probe  
  78  6:03  Immortal (Chrono Boost)  
  78  6:08  Stalker  
  84  6:11  Stalker  
  84  6:12  Zealot  
  84  6:13  Zealot  
  90  6:23  Zealot x2  
  90  6:24  Shield Battery  
  94  6:28  Pylon  
  94  6:32  Stalker x2  
  96  6:36  Zealot x2  
  96  6:37  Probe x2  
  96  6:38  Probe  
  105  6:40  Pylon  
  109  6:47  Immortal (Chrono Boost)  
  109  6:55  Zealot x2  
  109  6:56  Zealot x2  
  109  7:01  Sentry x2  
  119  7:02  Zealot x2  
  123  7:21  Pylon  
  123  7:22  Pylon  
  123  7:23  Pylon  
  123  7:38  Pylon  
  123  7:39  Immortal (Chrono Boost), Zealot x3  
  123  7:40  Zealot x4  
  133  7:45  Zealot  
  83  8:00  Stalker x5  
  83  8:02  Zealot  
  83  8:03  Stalker  
  95  8:09  Shield Battery  
  95  8:10  Shield Battery  
  89  8:23  Zealot x4  
  89  8:24  Zealot x2  
  89  8:27  Zealot  
  102  8:28  Zealot  

Tags
 
Add a new tag
Caveats
  • Supply blocks, unpowered buildings, or Contaminate may cause inaccurate times.
  • Supply counts are checked every 10 seconds.